 Dungeon Sprint DCSS version 0.28-a0-1594-ga885d4b3d6 (webtiles) character file.

Game seed: 2577001005755962100

778 innerfire433 the Fighter (level 7, -8/64 HPs)
             Began as a Demonspawn Chaos Knight on Jan 20, 2022.
             Was a Plaything of Xom.
             Mangled by a red devil (16 damage)
             ... summoned by a kobold demonologist
             ... in the Dungeon (Sprint I: "Red Sonja").
             The game lasted 00:01:51 (751 turns).

innerfire433 the Fighter (Demonspawn Chaos Knight)   Turns: 751, Time: 00:01:52

Health: -8/64      AC:  8    Str: 14    XL:     7   Next: 54%
Magic:  9/9        EV: 12    Int: 14    God:    Xom [..*...]
Gold:   270        SH:  0    Dex: 12    Spells: 8/8 levels left

rFire   . . .      SeeInvis .   a - +0 mace (chaos)
rCold   . . .      Faith    .   (no shield)
rNeg    . . .      Spirit   .   b - +2 leather armour
rPois   .          Reflect  .   (no helmet)
rElec   .          Harm     .   (no cloak)
rCorr   .          Rampage  .   (no gloves)
Will    .....      NoTele   +   (no boots)
Stlth   +++.......              (no amulet)
HPRegen 0.20/turn               (no ring)
MPRegen 0.11/turn               (no ring)

@: spiked, hasted, very quick
A: slimy green scales 2, weakness stinger 2
a: Renounce Religion


You were in the Dungeon.
You worshipped Xom.
You were a toy of Xom.
You visited 1 branch You collected 270 gold pieces.

Inventory:

Hand Weapons
 a - a +0 mace of chaos (weapon)
Armour
 b - a +2 leather armour (worn)
Wands
 c - a wand of digging (8)
Scrolls
 d - 2 scrolls of fear
 h - a scroll of blinking
Potions
 f - 2 potions of magic
 g - a potion of berserk rage


   Skills:
 + Level 9.6 Fighting
 + Level 0.7(0.9) Short Blades
 + Level 0.7(0.9) Long Blades
 + Level 0.7(5.8) Axes
 + Level 9.2 Maces & Flails
 + Level 0.7(1.1) Polearms
 + Level 0.7(5.8) Staves
 + Level 0.7(0.9) Slings
 + Level 1.3 Bows
 + Level 0.7 Crossbows
 + Level 0.7(0.9) Throwing
 + Level 5.0 Armour
 + Level 2.5 Dodging
 + Level 5.3 Stealth
 + Level 0.7 Shields
 + Level 0.7 Unarmed Combat
 + Level 1.1 Spellcasting
 + Level 0.8 Conjurations
 + Level 0.8 Hexes
 + Level 0.8 Summonings
 + Level 1.0 Necromancy
 + Level 1.2 Translocations
 + Level 0.7 Transmutations
 + Level 0.7 Fire Magic
 + Level 0.7 Ice Magic
 + Level 0.7 Air Magic
 + Level 0.7 Earth Magic
 + Level 0.8 Poison Magic
 + Level 2.7 Invocations
 + Level 1.6 Evocations


You had 8 spell levels left.
You didn't know any spells.
Your spell library was empty.

Dungeon Overview and Level Annotations

Branches:
Dungeon (1/1)

Altars:
Makhleb
Sif Muna
Vehumet
Wu Jian
Xom
Jiyva
Lugonu


Innate Abilities, Weirdness & Mutations

You are mostly covered in slimy green scales. (AC +3)
You have a tail ending in a sharp stinger.


Message History

The soul eater closely misses you.
You hit the kobold demonologist.
You kill the kobold demonologist!
The red devil misses you. The soul eater barely misses you.
Your life force feels restored.
Your Fighting skill increases to level 9!
Your Maces & Flails skill increases to level 9!
Your Armour skill increases to level 5!
Your Stealth skill gained 2 levels and is now at level 5!
You have reached level 7!
You closely miss the soul eater.
The soul eater disappears in a puff of smoke!
The red devil closely misses you.
The kobold demonologist casts a spell.
The barbs in your skin will harm you if you move.
Continue? [Y]es or [N]o only, please.
The barbs in your skin will harm you if you move.
Continue? [Y]es or [N]o only, please.
The barbs in your skin will harm you if you move.
Continue? [Y]es or [N]o only, please.
The barbs in your skin will harm you if you move.
Continue? [Y]es or [N]o only, please.
The barbs in your skin will harm you if you move.
Continue?
Okay, then.
The barbs in your skin will harm you if you move.
Continue?
Okay, then.
You feel yourself speed up.
The red devil hits you from afar with a +0 trident.
* * * LOW HITPOINT WARNING * * *
Barbed spikes become lodged in your body.
The barbs in your skin will harm you if you move.
Continue?
The barbed spikes dig painfully into your body as you move.
* * * LOW HITPOINT WARNING * * *
The red devil barely misses you.
The barbed spikes dig painfully into your body as you move.
* * * LOW HITPOINT WARNING * * *
The kobold demonologist looks satisfied for a moment.
The red devil hits you from afar with a +0 trident!
You die...
Xom giggles madly!

#######################
#).)..#..'..#__#)G4K..#
'..#..').#..'..'@.#...#
#####'#####'#__#### ..+
# #..# #.#### ## # ####
##.# # #+#_.+ # +..._#
# #_.#+# ##+#


You could see a kobold demonologist, a red devil (summoned) and a floating eye
(charged, petrified).

Vanquished Creatures
  A kobold demonologist (D)
  A slime creature (D)
  Sigmund (D)
  An ogre (D)
  A jelly (D)
  Ijyb (D)
6 creatures vanquished.

Vanquished Creatures (others)
  A gargoyle (D)
1 creature vanquished.

Grand Total: 7 creatures vanquished

Notes
Turn   | Place    | Note
-------+----------+-------------------------------------------
     0 | D        | innerfire433 the Demonspawn Chaos Knight began the quest
                  | for the Orb.
     0 | D        | Reached XP level 1. HP: 18/18 MP: 1/1
     1 | D        | Noticed Ijyb
     2 | D        | XOM: butterfly on damage
     5 | D        | XOM: potion effect (experience)
     5 | D        | Reached skill level 1 in Bows
     5 | D        | Reached skill level 1 in Dodging
     5 | D        | Reached skill level 1 in Spellcasting
     5 | D        | Reached skill level 1 in Necromancy
     5 | D        | Reached skill level 1 in Translocations
     5 | D        | Gained mutation: You have a small tail. [demonic ancestry]
     5 | D        | Reached XP level 2. HP: 23/24 MP: 2/4
    16 | D        | Killed Ijyb
    17 | D        | Gained mutation: You are partially covered in slimy green
                  | scales. (AC +2) [demonic ancestry]
    17 | D        | Reached XP level 3. HP: 10/30 MP: 3/5
   218 | D        | Noticed an ogre
   226 | D        | Killed an ogre
   227 | D        | Reached skill level 5 in Fighting
   227 | D        | Reached skill level 5 in Maces & Flails
   227 | D        | Reached skill level 1 in Evocations
   227 | D        | Gained mutation: You have a tail ending in a sharp stinger.
                  | [demonic ancestry]
   227 | D        | Reached XP level 4. HP: 16/40 MP: 6/6
   399 | D        | XOM: silly message
   412 | D        | Noticed Sigmund
   422 | D        | Killed Sigmund
   423 | D        | Reached skill level 1 in Stealth
   423 | D        | Reached XP level 5. HP: 37/49 MP: 7/7
   423 | D        | Gained mutation: You are mostly covered in slimy green
                  | scales. (AC +3) [demonic ancestry]
   423 | D        | Reached XP level 6. HP: 43/56 MP: 8/8
   437 | D        | Found an ornate altar of the Wu Jian Council.
   437 | D        | Found a shimmering blue altar of Sif Muna.
   439 | D        | Found a radiant altar of Vehumet.
   460 | D        | Found a burning altar of Makhleb.
   460 | D        | Found a viscous altar of Jiyva.
   460 | D        | Found a shimmering altar of Xom.
   460 | D        | Found a corrupted altar of Lugonu.
   460 | D        | Noticed a slime creature
   463 | D        | XOM: silly message
   478 | D        | Killed a slime creature
   593 | D        | Killed a gargoyle
   732 | D        | Noticed a kobold demonologist
   732 | D        | Noticed a floating eye
   732 | D        | Noticed a kobold demonologist
   736 | D        | Noticed a red devil
   736 | D        | XOM: confuse monster(s)
   736 | D        | Noticed a soul eater
   747 | D        | Killed a kobold demonologist
   748 | D        | Reached skill level 5 in Armour
   748 | D        | Reached skill level 5 in Stealth
   748 | D        | Reached XP level 7. HP: 23/64 MP: 9/9
   749 | D        | Noticed a red devil
   751 | D        | Mangled by a red devil

Illustrated notes

Levels and vault maps discovered:
D:        dungeon_sprint_1 [red_sonja_temple_1, red_sonja_temple_small_1]

Skill      XL: |  1  2  3  4  5  6 |
---------------+-------------------+-----
Bows           | 1 |  1.3
Armour         | 2 3 4 5 |  5.0
Dodging        | 1 2 |  2.5
Spellcasting   | 1 |  1.1
Necromancy     | 1 |  1.0
Translocations | 1 |  1.2
Invocations    | 2 |  2.7
Fighting       | 4 5 7 9 |  9.6
Maces & Flails | 3 5 7 9 |  9.2
Evocations     | 1 |  1.6
Stealth        | 1 5 |  5.3
Short Blades   | |  0.7
Long Blades    | |  0.7
Axes           | |  0.7
Polearms       | |  0.7
Staves         | |  0.7
Slings         | |  0.7
Crossbows      | |  0.7
Throwing       | |  0.7
Shields        | |  0.7
Unarmed Combat | |  0.7
Conjurations   | |  0.8
Hexes          | |  0.8
Summonings     | |  0.8
Transmutations | |  0.7
Fire Magic     | |  0.7
Ice Magic      | |  0.7
Air Magic      | |  0.7
Earth Magic    | |  0.7
Poison Magic   | |  0.8

Action                   |  1- 3 |  4- 6 |  7- 9 || total
-------------------------+-------+-------+-------++-------
Melee: Mace              |    11 |    42 |     1 ||    54
       Tailslap          |     2 |     8 |       ||    10
       Punch             |       |     2 |       ||     2
Evoke: Wand              |     2 |       |       ||     2
  Use: Potion            |     2 |       |     1 ||     3
       Scroll            |       |     1 |       ||     1
 Stab: Petrified         |       |     7 |       ||     7
       Confused          |       |     1 |       ||     1
Armor: Leather armour    |     2 |     8 |       ||    10
Dodge: Dodged            |     7 |    16 |     2 ||    25

Table legend: (Time is in decaauts)
 A = Elapsed time spent in this place.
 B = Non-inter-level travel time spent in this place.
 C = Inter-level travel time spent in this place.
 D = Time resting spent in this place.
 E = Time spent auto-exploring this place.
 F = Levels seen in this place.
 G = Mean time per level.
                   A        B        C        D        E       F      G
               +--------+--------+--------+--------+--------+-----+--------+
         Total |    754 |    754 |      0 |      0 |    604 |   1 |  754.0 |
       Dungeon |    754 |    754 |      0 |      0 |    604 |   1 |  754.0 |
               +--------+--------+--------+--------+--------+-----+--------+

Top non-repeatable levels by time:
       D: 754 daAuts
